 Dungeon Crawl Stone Soup version 0.30-a0-782-ge64f9170bb (webtiles) character file.

Game seed: 177325363871427025

208 Atelerd the Sneak (level 5, 0/31 HPs)
             Began as an Octopode Earth Elementalist on Feb 21, 2023.
             Slain by an orc wizard
             ... wielding a +0 dagger
              (3 damage)
             ... on level 4 of the Dungeon.
             The game lasted 00:02:57 (2949 turns).

Atelerd the Sneak (Octopode Earth Elementalist)     Turns: 2949, Time: 00:02:57

Health: 0/31       AC:  1    Str:  7    XL:     5   Next: 86%
Magic:  9/9        EV: 14    Int: 18    God:
Gold:   190        SH:  0    Dex: 14    Spells: 5/10 levels left

rFire   . . .      SeeInvis .    q - +2 dagger (vamp)
rCold   + . .      Faith    .    (no shield)
rNeg    . . .      Spirit   .    (helmet restricted)
rPois   .          Reflect  .    (no amulet)
rElec   .          Harm     .    i - ring of protection from cold
rCorr   .          Rampage  .    (no ring)
Will    .....                    (no ring)
Stlth   ++++                     (no ring)
HPRegen 0.25/turn                (no ring)
MPRegen 0.11/turn                (no ring)
                                 (no ring)
                                 (no ring)

@: brilliant
A: almost no armour, amphibious, 8 rings, camouflage 1, gelatinous body 1,
(nimble swimmer 1), tentacles
a: no special abilities


You were on level 4 of the Dungeon.
You visited 1 branch of the dungeon, and saw 4 of its levels.

You collected 190 gold pieces.

Inventory:

Hand Weapons
 b - a +0 dagger
 f - a +0 dagger of venom
 q - a +2 vampiric dagger (weapon)
Jewellery
 i - a ring of protection from cold (left tentacle)
 l - a +4 ring of protection
 p - a ring of magical power
Scrolls
 c - 4 scrolls of identify {unknown}
 g - a scroll of torment {unknown}
 h - a scroll of amnesia {unknown}
 k - a scroll of enchant weapon {unknown}
 m - 2 scrolls of magic mapping {unknown}
 n - a scroll of teleportation {unknown}
 r - a scroll of immolation {unknown}
Potions
 a - a potion of magic


   Skills:
 - Level 0.2 Fighting
 + Level 3.1 Dodging
 + Level 4.4 Stealth
 + Level 3.1 Spellcasting
 - Level 2.0 Transmutations
 + Level 4.0 Earth Magic


You had 5 spell levels left.
You knew the following spells:

 Your Spells              Type           Power      Damage    Failure   Level
a - Sandblast             Erth           50%        2d12      3%          1
p - Petrify               Tmut/Erth      20%        N/A       43%         4

Your spell library contained the following spells:

 Spells                   Type           Power      Damage    Failure   Level
 Passwall                 Tmut/Erth      16%        N/A       7%          2
 Freeze                   Ice            16%        1d4       16%         1
 Stone Arrow              Conj/Erth      30%        3d8       22%         3
 Frozen Ramparts          Ice            8%         1d2       43%         3
 Hailstorm                Conj/Ice       4%         3d4       43%         3


Dungeon Overview and Level Annotations

Branches:
Dungeon (4/15)
 Temple: D:4-7

Altars:
Xom


Innate Abilities, Weirdness & Mutations

You cannot wear most types of armour.
You are amphibious.
You can wear up to eight rings at the same time.
Your skin changes colour to match your surroundings (Stealth+).
Your rubbery body absorbs attacks. (AC +1, EV +1)
((You are camouflaged when in or above water. (Stealth+)))
You have tentacles for arms and can constrict up to eight enemies at once.


Message History

* * * LOW HITPOINT WARNING * * *
Something is attracted toward you.
It was a potion of cancellation.
Your magical effects are unravelling.
You feel magically purged. The orc closely misses you.
The orc priest closely misses you.
You feel less attractive to monsters.
It was a potion of ambrosia.
You are confused.
You feel invigorated. The orc priest misses you.
The orc hits you with a +0 club.
* * * LOW HITPOINT WARNING * * *
It was a potion of brilliance.
You feel clever all of a sudden. The orc barely misses you.
The orc priest barely misses you.
You're too confused to cast spells.
Sorry, you're not good enough to have a special ability.
The orc attacks as you move away! The orc misses you.
You feel less invigorated.
You feel less confused.
The orc priest casts a cantrip, but nothing happens.
You hear some strange, mumbled words.
You are confused.
The orc attacks as you move away! The orc misses you. Something hits you.
The orc attacks as you move away! The orc barely misses you.
You bump into the rock wall.
The orc hits you with a +0 club.
The orc priest calls down the wrath of Beogh upon you.
Beogh smites you!
* * * LOW HITPOINT WARNING * * *
Okay, then.
You are too confused!
The orc attacks as you move away! The orc hits you with a +0 club.
* * * LOW HITPOINT WARNING * * *
You hear some strange, mumbled words.
Something tries to affect you, but you resist.
The orc misses you. Something barely misses you.
You feel less confused. Something hits you.
You die...

#################### ###
#.#.......#.#....... .....#####
#..#..#..#...#..#..#
.........#####...#.#.#.....#.#.#.
.#.#.####.#..o....###.......###..
........#........................
.....[....#...#.o.#.#...#...#....
........#..#..#.@#...#..#..#..#..
'#......#...#.#.#.....#.#.#...#..
.............#.#.......#.#....#..
........#.#####################..
........... ###....#...........
............ .......#...#.#.##.#
...##........ .......'...........
... ...... ... #.....#...#.#.##.#
...##.....#...........


You could see an orc priest and an orc.

Vanquished Creatures
  Jessica (D:2)
  2 orc wizards (D:4)
  6 adders
  2 worms
  2 dart slugs (D:3)
  4 orcs
  5 ball pythons
  3 endoplasms
  3 giant cockroaches
  3 hobgoblins
  8 jackals
  4 kobolds
  2 quokkas (D:1)
  7 bats
  7 frilled lizards
  4 goblins
  4 rats
67 creatures vanquished.

Notes
Turn   | Place    | Note
-------+----------+-------------------------------------------
     0 | D:1      | Atelerd the Octopode Earth Elementalist began the quest for
                  | the Orb.
     0 | D:1      | Reached XP level 1. HP: 11/11 MP: 3/3
   203 | D:1      | Reached XP level 2. HP: 17/17 MP: 1/5
   562 | D:1      | Found a faded altar of an unknown god.
  1164 | D:2      | Noticed Jessica
  1166 | D:2      | Killed Jessica
  1167 | D:2      | Reached XP level 3. HP: 21/21 MP: 6/6
  1176 | D:2      | Reached XP level 4. HP: 22/27 MP: 4/7
  1277 | D:2      | Found a shimmering altar of Xom.
  2174 | D:3      | Reached XP level 5. HP: 30/31 MP: 5/9
  2280 | D:3      | Learned a level 4 spell: Petrify
  2949 | D:4      | Slain by an orc wizard

Illustrated notes

Levels and vault maps discovered:
D:1:      wheals_arrival_linesprint, layout_basic,
          nicolae_ecumenical_lake_church
D:2:      layout_basic, basic_altar, uniq_jessica
D:3:      layout_basic
D:4:      layout_basic, evilmike_ruin_ashenzari, minmay_temple_entry_nine_rooms,
          hangedman_decor_diamond_cutter

Skill      XL: |  1  2  3  4  5 |
---------------+----------------+-----
Stealth        | 3 4 |  4.4
Transmutations | 2 |  2.0
Dodging        | 3 |  3.1
Spellcasting   | 3 |  3.1
Earth Magic    | 4 |  4.0
Fighting       | |  0.2

Action                     |  1- 3 |  4- 6 || total
---------------------------+-------+-------++-------
  Melee: Unarmed           |     6 |       ||     6
         Constrict         |     5 |     3 ||     8
         Tentacles         |     3 |     3 ||     6
         Dagger            |     8 |     9 ||    17
         Punch             |       |     1 ||     1
   Cast: Sandblast         |    26 |    68 ||    94
    Use: Potion            |       |     4 ||     4
   Stab: Sleeping          |     2 |       ||     2
 Armour: Skin              |       |     3 ||     3
  Dodge: Dodged            |    21 |    35 ||    56

Table legend: (Time is in decaauts)
 A = Elapsed time spent in this place.
 B = Non-inter-level travel time spent in this place.
 C = Inter-level travel time spent in this place.
 D = Time resting spent in this place.
 E = Time spent auto-exploring this place.
 F = Levels seen in this place.
 G = Mean time per level.
                   A        B        C        D        E       F      G
               +--------+--------+--------+--------+--------+-----+--------+
         Total |   2993 |   2917 |     76 |     27 |   2449 |   4 |  748.2 |
       Dungeon |   2993 |   2917 |     76 |     27 |   2449 |   4 |  748.2 |
               +--------+--------+--------+--------+--------+-----+--------+

Top non-repeatable levels by time:
     D:1: 1007 daAuts
     D:2: 893 daAuts
     D:3: 666 daAuts
     D:4: 425 daAuts
